 Dungeon Crawl Stone Soup version 0.20.0-10-g0535bb4 (webtiles) character file.

112 Gargoyl the Skirmisher (level 4, -2/40 HPs)
             Began as a Draconian Abyssal Knight on June 6, 2017.
             Was a Follower of Lugonu.
             Succumbed to Sigmund's poison
             ... on level 2 of the Dungeon.
             The game lasted 00:05:07 (2148 turns).

Gargoyl the Skirmisher (Draconian Abyssal Knight)   Turns: 2148, Time: 00:05:08

Health: -2/40      AC:  9    Str: 14    XL:     4   Next: 63%
Magic:  6/6        EV: 13    Int: 13    God:    Lugonu [*.....]
Gold:   103        SH:  0    Dex: 11    Spells: 3/3 levels left

rFire    . . .     SeeInvis .   a - +1 hand axe
rCold    . . .     Gourm    .   (no shield)
rNeg     . . .     Faith    .   (armour unavailable)
rPois    .         Spirit   .   (helmet restricted)
rElec    .         Reflect  .   c - +0 cloak
rCorr    .         Harm     .   (no gloves)
MR       .....                  (no boots)
Stlth    +.........             (no amulet)
Regen    0.2/turn               e - +3 ring of protection
MPRegen  0.1/turn               (no ring)

@: lethally poisoned (-2 -> -50), very slightly contaminated, invisible
A: unfitting armour, cold-blooded, AC +5
a: Depart the Abyss, Renounce Religion


You were on level 2 of the Dungeon.
You worshipped Lugonu.
Lugonu was aware of your devotion.
You were not hungry.

You visited 1 branch of the dungeon, and saw 2 of its levels.
You visited the Abyss 1 time.

You collected 103 gold pieces.

Inventory:

Hand Weapons
 a - a +1 hand axe (weapon)
Armour
 c - a +0 cloak (worn)
Jewellery
 e - a +3 ring of protection (left hand)
Scrolls
 h - 2 scrolls of teleportation
 l - a scroll of identify
 m - a scroll of amnesia
Comestibles
 b - 3 bread rations
 f - a royal jelly
 g - 2 chunks of flesh
 i - 3 fruits
 k - a meat ration


   Skills:
 + Level 3.7 Fighting
 + Level 3.1 Axes
 * Level 3.3 Dodging
 * Level 2.8 Invocations


You had 3 spell levels left.
You didn't know any spells.

Dungeon Overview and Level Annotations

Branches:
Dungeon (2/15)

Altars:
Vehumet

Annotations:
D:2 Sigmund


Innate Abilities, Weirdness & Mutations

Your plain brown scales are hard. (AC +5)
You cannot fit into any form of body armour.
You are cold-blooded and may be slowed by cold attacks.


Message History

You feel less confused.
You feel very sick. Something hits you but does no damage.
You slash something! You tail-slap something.
You feel very sick. Something hits you!
* * * LOW HITPOINT WARNING * * *
You are more poisoned.
You hit something.
* * * LOW HITPOINT WARNING * * *
You feel very sick. Something hits you.
* * * LOW HITPOINT WARNING * * *
You are more poisoned.
Unknown command.
You miss something. You tail-slap something.
* * * LOW HITPOINT WARNING * * *
You feel very sick.
You hit something. You tail-slap something.
You die...

####.# #..# #....#
#..# #....# #..#
####.# #..# #.#
#..# #.# #.## ##.##
#.#
####...##########.#
#..............{@.#
#.##...##########.#
#.###.## #.#
#.###.# #.# ......#
#.# #.##### #.# #.#
#.# #.# .# ..#


There were no monsters in sight!

Vanquished Creatures
  Natasha (twice) (D:2)
  2 adders (D:2)
  An ooze (D:1)
  2 worms (D:1)
  2 dart slugs (D:1)
  A leopard gecko (D:2)
  5 bats
  A giant cockroach (D:1)
  2 goblins (D:1)
  A hobgoblin (D:1)
  3 kobolds (D:1)
  8 frilled lizards
  6 rats
36 creatures vanquished.

Notes
Turn   | Place    | Note
-------+----------+-------------------------------------------
     0 | Abyss:1  | Gargoyl the Draconian Abyssal Knight began the quest for the Orb.
     0 | Abyss:1  | Reached XP level 1. HP: 19/19 MP: 2/2
    10 | Abyss:1  | Found a corrupted altar of Lugonu.
    34 | Abyss:2  | Found a corrupted altar of Lugonu.
    72 | Abyss:2  | Found a corrupted altar of Lugonu.
    96 | Abyss:2  | Noticed a worldbinder
    98 | Abyss:2  | Noticed a deep elf archer
    98 | Abyss:2  | Noticed a deep elf knight
   105 | Abyss:2  | Noticed a quasit
   107 | D:1      | Escaped the Abyss
   411 | D:1      | Reached * piety under Lugonu
   411 | D:1      | Reached XP level 2. HP: 21/26 MP: 3/3
   882 | D:1      | Reached XP level 3. HP: 12/31 MP: 4/4
  1706 | D:2      | Noticed Natasha
  1745 | D:2      | Killed Natasha
  1745 | D:2      | Reached XP level 4. HP: 21/40 MP: 4/6
  1914 | D:2      | Noticed Natasha
  1920 | D:2      | Killed Natasha
  2097 | D:2      | Found a radiant altar of Vehumet.
  2133 | D:2      | Noticed Sigmund
  2147 | D:2      | HP: 2/40 [poisoned by Sigmund]
  2148 | D:2      | Succumbed to Sigmund's poison

Skill      XL: |  1  2  3  4 |
---------------+-------------+-----
Dodging        | 3 |  3.3
Axes           | 3 |  3.1
Fighting       | |  3.7
Invocations    | |  2.8

Action                   |  1- 3 |  4- 6 || total
-------------------------+-------+-------++-------
Melee: Hand axe          |   126 |    22 ||   148
       Tailslap          |    14 |     6 ||    20
Invok: Depart the Abyss  |     1 |       ||     1
  Use: Scroll            |     6 |     1 ||     7
       Potion            |       |     3 ||     3
 Stab: Sleeping          |     1 |       ||     1
  Eat: Chunk             |     3 |     1 ||     4
Armor: Skin              |    43 |     5 ||    48
Dodge: Dodged            |    80 |    13 ||    93
